 Dungeon Crawl Stone Soup version 0.31-a0-876-gfe8ebadbca (webtiles) character file.

Game seed: 8537593148643846695

109624 inmateoo the Severer (level 16, -1/131 HPs)
             Began as a Minotaur Fighter on Oct 13, 2023.
             Was the Champion of Hepliaklqana.
             Slain by a black mamba (2 damage)
             ... while petrified by a basilisk
             ... on level 5 of the Lair of Beasts.
             The game lasted 00:19:15 (18106 turns).

inmateoo the Severer (Minotaur Fighter)            Turns: 18106, Time: 00:19:16

Health: -1/131     AC: 27    Str: 28    XL:     16   Next: 5%
Magic:  22/22      EV:  2    Int:  9    God:    Hepliaklqana [******]
Gold:   941        SH:  0    Dex: 14    Spells: 15/15 levels left

rFire   + + .        C - +9 war axe of Fate {speed, rC++ rCorr Int+4}
rCold   + + +        w - +1 kite shield {rF+}
rNeg    + + +        P - +3 gold dragon scales
rPois   ∞            (helmet restricted)
rElec   .            f - +0 cloak
rCorr   +            v - +0 pair of gloves
SInv    .            t - +0 pair of boots
Will    ++...        j - amulet of reflection Stlth
                     A - ring of Biog {Will+ Str+3}
HPRegen 0.41/turn    e - +5 ring of evasion
MPRegen 0.18/turn

%: reflection
@: petrified
A: reduced essence, horns 2, retaliatory headbutt
a: Renounce Religion, Recall Ancestor, Ancestor Identity, Transference, Idealise


You were on level 5 of the Lair of Beasts.
You worshipped Hepliaklqana.
Hepliaklqana was exalted by your worship.
You visited 2 branches of the dungeon, and saw 20 of its levels.
You also visited: Ossuary and Gauntlet.

You collected 1655 gold pieces.
You spent 714 gold pieces at shops.

Inventory:

Hand Weapons
 a - a +4 broad axe of flaming
 y - a +4 broad axe of venom
 C - the +9 war axe of Fate (weapon) {speed, rC++ rCorr Int+4}
   (You found it on level 15 of the Dungeon)

   Int+4:     It affects your intelligence (+4).
   rC++:      It greatly protects you from cold.
   rCorr:     It protects you from acid and corrosion.
Armour
 f - a +0 cloak (worn)
 t - a +0 pair of boots (worn)
 v - a +0 pair of gloves (worn)
 w - a +1 kite shield of fire resistance (worn)
 P - +3 gold dragon scales (worn)
Jewellery
 c - a ring of see invisible
 e - a +5 ring of evasion (right hand)
 j - an amulet of reflection (around neck)
 A - the ring of Biog (left hand) {Will+ Str+3}
   (You found it in a Gauntlet)

   [ring of willpower]

   Str+3:     It affects your strength (+3).
   Will+:     It increases your willpower.
 K - a ring of protection from cold
 O - the ring "Mutiad" {Fly Will+}
   (You took it off an orc knight on level 15 of the Dungeon)

   [ring of willpower]

   Will+:     It increases your willpower.
   Fly:       It grants you flight.
 R - the ring of Penluem {rPois rCorr}
   (You found it on level 15 of the Dungeon)

   [ring of resist corrosion]

   rPois:     It protects you from poison rCorr: It protects you from acid and
   corrosion.
 S - the ring "Ismep" {rF+ rN+ Int+2 Dex+3}
   (You found it on level 15 of the Dungeon)

   [ring of protection from fire]

   Int+2:     It affects your intelligence (+2).
   Dex+3:     It affects your dexterity (+3).
   rF+:       It protects you from fire.
   rN+:       It protects you from negative energy.
Wands
 n - a wand of digging (7)
 F - a wand of roots (25)
 G - a wand of paralysis (14)
 M - a wand of mindburst (7)
 N - a wand of flame (33)
Scrolls
 b - 3 scrolls of poison
 g - 5 scrolls of silence
 i - 5 scrolls of blinking
 m - 4 scrolls of teleportation
 s - 8 scrolls of identify
 u - 5 scrolls of vulnerability
 B - a scroll of revelation
 D - a scroll of summoning
 L - 2 scrolls of fog
 Q - a scroll of amnesia
 T - a scroll of torment
 U - 3 scrolls of immolation
 V - a scroll of fear
Potions
 d - 5 potions of might
 h - 9 potions of curing
 k - 2 potions of invisibility
 l - 2 potions of magic
 o - 5 potions of attraction
 p - 7 potions of mutation
 q - 3 potions of berserk rage
 r - 5 potions of brilliance
 x - 8 potions of heal wounds
 z - 4 potions of ambrosia
 E - 5 potions of enlightenment
 H - 4 potions of lignification
 I - 7 potions of cancellation
 J - a potion of haste


   Skills:
 + Level 14.0 Fighting
 * Level 18.5 Axes
 + Level 14.2 Armour
 + Level 12.1 Dodging
 + Level 13.7 Shields
 + Level 10.5 Invocations


You had 15 spell levels left.
You didn't know any spells.
Your spell library contained the following spells:

 Spells                   Type           Power      Damage    Failure   Level
 Kiss of Death            Conj/Necr      0%         2d5       100%        1
 Magic Dart               Conj           0%         1d3       100%        1
 Necrotise                Necr           0%         1d4       100%        1
 Sandblast                Erth           0%         2d4       100%        1
 Sting                    Tmut/Pois      0%         1d3       100%        1
 Blink                    Tloc           0%         N/A       100%        2
 Call Imp                 Summ           0%         N/A       100%        2
 Lesser Beckoning         Tloc           0%         N/A       100%        2
 Passwall                 Tmut/Erth      0%         N/A       100%        2
 Poisonous Vapours        Pois/Air       0%         N/A       100%        2
 Sublimation of Blood     Necr           0%         N/A       100%        2
 Confusing Touch          Hex            0%         N/A       100%        3
 Dazzling Flash           Conj/Hex       0%         N/A       100%        3
 Gell's Gravitas          Tloc           0%         N/A       100%        3
 Ignite Poison            Fire/Tmut/Pois 0%         N/A       100%        3
 Mephitic Cloud           Conj/Pois/Air  0%         N/A       100%        3
 Stone Arrow              Conj/Erth      0%         3d7       100%        3
 Summon Guardian Golem    Hex/Summ       0%         N/A       100%        3
 Teleport Other           Tloc           0%         N/A       100%        3
 Tukima's Dance           Hex            0%         N/A       100%        3
 Vampiric Draining        Necr           0%         2d6       100%        3
 Volatile Blastmotes      Fire/Tloc      0%         2d10      100%        3
 Brom's Barrelling Bould  Conj/Erth      0%         2d3       100%        4
 Dimensional Bullseye     Hex/Tloc       0%         N/A       100%        4
 Dispel Undead            Necr           0%         3d6       100%        4
 Fulminant Prism          Conj/Hex       0%         3d5       100%        4
 Iskenderun's Mystic Bla  Conj/Tloc      0%         2d3       100%        4
 Manifold Assault         Tloc           0%         N/A       100%        4
 Olgreb's Toxic Radiance  Pois           0%         N/A       100%        4
 Petrify                  Tmut/Erth      0%         N/A       100%        4
 Sticky Flame             Conj/Fire      0%         2d3       100%        4
 Agony                    Necr           0%         N/A       100%        5
 Irradiate                Conj/Tmut      0%         3d11      100%        5
 Dispersal                Tloc           0%         N/A       100%        6
 Starburst                Conj/Fire      0%         6d3       100%        6
 Orb of Destruction       Conj           0%         9d5       100%        7
 Spellforged Servitor     Conj/Summ      0%         N/A       100%        7
 Ignition                 Fire           0%         3d3       100%        8
 Maxwell's Capacitive Co  Air            0%         ∞         100%        8
 Fire Storm               Conj/Fire      0%         5d1       100%        9


Dungeon Overview and Level Annotations

Branches:
Dungeon (15/15)            Temple (0/1) D:6            Lair (5/5) D:9
  Swamp (0/4) Lair:3       Spider (0/4) Lair:2          Orc (0/2) D:9
 Vaults (0/5) D:14         Depths (0/4) D:15        Ossuary (visited)
Gauntlet (visited)
  Slime: Lair:4-5

Altars:
Cheibriados
Dithmenos
Elyvilon
Fedhas
Gozag
Hepliaklqana
Makhleb
Okawaru
Qazlal
Sif Muna
Uskayaw
Wu Jian
Xom
Yredelemnul

Shops:
D:6 (

Portals:
Abyss: D:3

Annotations:
D:3 2 transporters, Cris's ghost, weakling DsGl
Lair:2 2 transporters


Innate Abilities, Weirdness & Mutations

Your life essence is reduced to manifest your ancestor. (-10% HP)
You have a pair of horns on your head.
You reflexively headbutt those who attack you in melee.


Message History

The black mamba bites you but does no damage.
The basilisk bites you!
* * * LOW HITPOINT WARNING * * *
The black mamba bites you!
* * * LOW HITPOINT WARNING * * *
The black mamba bites you!
* * * LOW HITPOINT WARNING * * *
The death yak gores you but does no damage.
The death yak completely misses you.
The black mamba bites you but does no damage.
The basilisk bites you but does no damage.
The black mamba bites you!
* * * LOW HITPOINT WARNING * * *
The black mamba bites you.
* * * LOW HITPOINT WARNING * * *
The death yak gores you but does no damage. x2
The black mamba bites you but does no damage.
The basilisk bites you but does no damage.
The black mamba bites you but does no damage. x2
The death yak gores you!
* * * LOW HITPOINT WARNING * * *
The death yak gores you but does no damage.
The black mamba bites you but does no damage. x2
The basilisk bites you but does no damage.
The black mamba bites you but does no damage. x2
The death yak barely misses you.
The death yak gores you but does no damage.
The black mamba bites you.
* * * LOW HITPOINT WARNING * * *
The black mamba bites you.
* * * LOW HITPOINT WARNING * * *
The basilisk bites you but does no damage.
The black mamba bites you but does no damage.
The black mamba bites you.
* * * LOW HITPOINT WARNING * * *
The death yak gores you but does no damage.
The death yak gores you.
* * * LOW HITPOINT WARNING * * *
The black mamba bites you.
You die...

##.........
..........
..........
♣.........
♣♣.......(.
♣..........
♣.S........
♣♣@Y.†......
♣lSY†.......
♣..S†........
♣............
♣............
♣............
.............
..........(...
..............


You could see 2 death yaks, 3 black mambas and a basilisk.

Vanquished Creatures
  Frances (D:14)
  A frost giant (D:15)
  A very ugly thing (D:15)
  A minotaur (Gauntlet)
  An ettin (D:15)
  A yaktaur captain (D:15)
  Josephine (D:14)
  3 hydras
  2 ogre magi (D:15)
  A vault guard (D:15)
  A catoblepas (D:15)
  7 centaur warriors
  3 tengu warriors
  7 two-headed ogres
  2 boulder beetles
  8 death yaks
  A deep troll shaman (D:15)
  A demonic crawler (Lair:2)
  A skyshark (Lair:5)
  5 slime creatures
  A phantasmal warrior (D:15)
  A harpy (shapeshifter) (D:13)
  2 deep elf pyromancers (D:15)
  10 ugly things
  3 orc knights (D:15)
  A cyclops (shapeshifter) (D:15)
  A salamander (shapeshifter) (D:15)
  8 cyclopes
  A manticore (D:15)
  A guardian serpent (D:15)
  3 black mambas
  2 rust devils (D:9)
  Joseph (D:9)
  A centaur zombie (D:15)
  A kobold demonologist (D:11)
  A smoke demon (D:9)
  Maggie (D:10)
  5 cane toads
  2 gargoyles (Gauntlet)
  2 efreet (D:15)
  7 komodo dragons
  5 ice devils (D:9)
  3 tengu conjurers (D:15)
  4 trolls
  A polar bear (Lair:3)
  2 meliai (D:13)
  A hornet (D:11)
  A raiju (Gauntlet)
  10 blink frogs
  10 dream sheep (Lair:3)
  2 shadows
  A centaur simulacrum (D:15)
  4 wraiths
  4 wyverns
  10 humans (D:14)
  36 yaks
  5 basilisks
  A steam dragon (Gauntlet)
  A vampire mosquito (D:15)
  3 acid dragons
  10 water moccasins
  3 orc warriors
  3 ice beasts (D:7)
  2 sky beasts
  4 black bears
  17 wolves
  An ogre (D:5)
  18 centaurs
  3 phantoms
  3 kobold brigands
  11 bullfrogs
  A gnoll sergeant (D:11)
  3 necrophages (Lair:2)
  3 water moccasin zombies (Ossuary)
  7 scorpions
  5 wights
  A troll zombie (D:9)
  2 howler monkeys
  7 killer bees
  A lava snake (D:9)
  A jelly (D:4)
  3 orc priests
  2 hounds
  3 gnoll boudas
  2 sleepcaps (D:5)
  Terence (D:2)
  4 iguanas
  11 orc wizards
  4 hell rats (Lair:4)
  A boggart skeleton (D:15)
  2 ogre zombies (D:9)
  2 mummies (Ossuary)
  15 gnolls
  8 adders
  3 ufetubi (D:9)
  5 adder zombies (Ossuary)
  4 worms
  A dart slug (D:2)
  24 orcs
  6 bats
  9 endoplasms
  4 giant cockroaches
  3 gnoll zombies (Ossuary)
  9 goblins
  6 hobgoblins
  4 jackals (D:1)
  3 quokkas
  9 ball pythons
  2 frilled lizards
  2 goblin zombies (D:9)
  2 hobgoblin skeletons (D:9)
  3 hobgoblin zombies
  7 kobolds
  5 kobold zombies (Ossuary)
  2 orc skeletons (D:9)
  7 orc zombies
  5 rats
  A butterfly (Lair:4)
498 creatures vanquished.

Vanquished Creatures (collateral kills)
  4 vault guards
  2 ogre magi
  2 centaur warriors
  4 hydras
  2 catoblepae
  A deep elf knight (D:15)
  A skyshark (Lair:4)
  2 orc knights (D:15)
  A necromancer (D:15)
  A wizard (D:15)
  An oklob plant (D:11)
  2 ugly things (D:14)
  A manticore (shapeshifter) (D:15)
  2 manticores
  A black mamba (Lair:2)
  An ice statue (D:9)
  A molten gargoyle (Gauntlet)
  A guardian serpent (D:15)
  A cane toad (Lair:1)
  A kobold demonologist (D:11)
  2 ice devils (D:9)
  A tengu conjurer (D:13)
  A red devil (D:9)
  A hellwing (D:9)
  A meliai (D:13)
  A troll (D:13)
  10 blink frogs
  A hornet (D:11)
  4 dream sheep (Lair:3)
  A slime creature (D:15)
  2 shadows
  A wyvern (D:9)
  A human (D:14)
  13 yaks
  A steam dragon (Gauntlet)
  A two-headed ogre zombie (D:9)
  Grum (D:9)
  2 floating eyes (D:15)
  4 water moccasins
  An ogre (D:12)
  A boggart (D:15)
  6 wolves
  5 centaurs
  A kobold brigand (D:8)
  2 bullfrogs
  2 scorpions (Lair:2)
  2 water moccasin zombies (Ossuary)
  3 wights
  An oklob sapling (D:11)
  A killer bee (D:10)
  A howler monkey (D:8)
  A crimson imp (D:8)
  A hound (D:11)
  2 orc priests
  A jelly (Gauntlet)
  A sleepcap (D:8)
  A hell rat (Lair:4)
  An orc wizard (D:14)
  4 ogre zombies (D:9)
  2 adders (D:11)
  3 gnolls
  2 ufetubi (D:9)
  An adder zombie (Ossuary)
  A worm (Lair:2)
  7 orcs
  3 gnoll zombies (Ossuary)
  4 kobolds (D:8)
  3 ball pythons (D:11)
  4 goblin zombies (D:9)
  2 hobgoblin zombies (D:9)
  2 kobold zombies (Ossuary)
  An orc skeleton (D:9)
  5 orc zombies (D:9)
159 creatures vanquished.

Vanquished Creatures (others)
  13 battlemagi
13 creatures vanquished.

Grand Total: 670 creatures vanquished

Notes
Turn   | Place    | Note
-------+----------+-------------------------------------------
     0 | D:1      | inmateoo the Minotaur Fighter began the quest for the Orb.
     0 | D:1      | Reached XP level 1. HP: 19/19 MP: 0/0
     6 | D:1      | Noticed an imperial myrmidon
     6 | D:1      | Noticed a tyrant leech
     6 | D:1      | Noticed a komodo dragon
     7 | D:1      | Noticed a frost giant
   232 | D:1      | Reached XP level 2. HP: 27/27 MP: 1/1
   266 | D:1      | Reached skill level 3 in Axes
   348 | D:1      | Reached skill level 1 in Dodging
   675 | D:2      | Reached XP level 3. HP: 33/33 MP: 2/2
  1211 | D:2      | Noticed Terence
  1216 | D:2      | Killed Terence
  1217 | D:2      | Reached XP level 4. HP: 40/40 MP: 3/3
  1551 | D:3      | Noticed a black bear
  1750 | D:3      | Reached skill level 4 in Axes
  1869 | D:3      | Killed a black bear
  1870 | D:3      | Reached XP level 5. HP: 40/47 MP: 4/4
  2156 | D:3      | Found an ornate altar of the Wu Jian Council.
  2194 | D:3      | Found a one-way gate to the infinite horrors of the Abyss.
  2194 | D:3      | Noticed Cris's ghost (weakling DsGl)
  2194 | D:3      | Noticed a small abomination
  2195 | D:3      | Found a transporter.
  2195 | D:3      | Noticed a small abomination
  2238 | D:3      | Found a transporter.
  2366 | D:4      | Reached skill level 5 in Axes
  2366 | D:4      | Reached XP level 6. HP: 41/53 MP: 5/5
  2552 | D:4      | Found a shadowy altar of Dithmenos.
  2634 | D:4      | Noticed a sky beast
  2639 | D:4      | Killed a sky beast
  2640 | D:4      | Reached skill level 5 in Fighting
  2640 | D:4      | Reached skill level 5 in Armour
  2640 | D:4      | Reached skill level 5 in Shields
  2772 | D:4      | Found a shimmering blue altar of Sif Muna.
  2772 | D:4      | Found an iron altar of Okawaru.
  2772 | D:4      | Found a hazy altar of Hepliaklqana.
  2778 | D:4      | Reached XP level 7. HP: 58/61 MP: 6/6
  2792 | D:4      | Became a worshipper of Hepliaklqana the Forgotten
  2863 | D:4      | Reached skill level 6 in Axes
  2984 | D:5      | Entered Level 5 of the Dungeon
  3376 | D:5      | Reached XP level 8. HP: 70/70 MP: 7/7
  3432 | D:5      | Reached skill level 7 in Axes
  3951 | D:5      | Identified a scroll of acquirement
  3951 | D:5      | Acquired a +1 broad axe of freezing
  4023 | D:6      | Reached * piety under Hepliaklqana
  4100 | D:6      | Found Issug's Weapon Emporium.
  4159 | D:6      | Reached skill level 1 in Invocations
  4272 | D:6      | Found a staircase to the Ecumenical Temple.
  4315 | D:6      | Found a basalt altar of Yredelemnul.
  4315 | D:6      | Found an opulent altar of Gozag.
  4327 | D:6      | Reached skill level 8 in Axes
  4787 | D:7      | Reached XP level 9. HP: 70/70 MP: 9/9
  5124 | D:7      | Noticed a troll
  5127 | D:7      | Killed a troll
  5128 | D:7      | Reached skill level 5 in Dodging
  5213 | D:7      | Reached skill level 9 in Axes
  5289 | D:7      | Reached ** piety under Hepliaklqana
  5290 | D:7      | Remembered your ancestor Djefatnebti as a battlemage
  5698 | D:8      | Found a sand-covered staircase.
  5721 | Ossuary  | Entered an ossuary
  5974 | D:8      | Reached XP level 10. HP: 79/79 MP: 11/11
  5976 | D:8      | Reached skill level 10 in Axes
  6354 | D:8      | Found a burning altar of Makhleb.
  6358 | D:8      | Found a shimmering altar of Xom.
  6592 | D:9      | Noticed Grum
  6603 | D:9      | Killed Grum
  6662 | D:9      | Noticed Joseph
  6670 | D:9      | Killed Joseph
  6702 | D:9      | Found a staircase to the Lair.
  6805 | D:9      | Noticed a rust devil
  6808 | D:9      | Reached skill level 11 in Axes
  6810 | D:9      | Noticed a smoke demon
  6818 | D:9      | Killed a smoke demon
  6847 | D:9      | Found a white marble altar of Elyvilon.
  6940 | D:9      | Noticed a rust devil
  6948 | D:9      | Killed a rust devil
  7023 | D:9      | Killed a rust devil
  7024 | D:9      | Reached skill level 5 in Invocations
  7024 | D:9      | Reached XP level 11. HP: 65/85 MP: 13/13
  7486 | D:9      | Noticed a two-headed ogre
  7491 | D:9      | Killed a two-headed ogre
  7509 | D:9      | Found a staircase to the Orcish Mines.
  7819 | D:9      | Reached *** piety under Hepliaklqana
  8007 | D:9      | Reached skill level 12 in Axes
  8290 | D:10     | Entered Level 10 of the Dungeon
  8609 | D:10     | Noticed Maggie
  8615 | D:10     | Killed Maggie
  8638 | D:10     | Found a stormy altar of Qazlal.
  8742 | D:10     | Found Pudack's Distillery.
  8751 | D:10     | Bought a potion of heal wounds for 70 gold pieces
  8751 | D:10     | Bought a potion of haste for 140 gold pieces
  8751 | D:10     | Bought a potion of ambrosia for 112 gold pieces
  8751 | D:10     | Bought a potion of cancellation for 112 gold pieces
  8751 | D:10     | Bought a potion of mutation for 112 gold pieces
  8751 | D:10     | Bought a potion of mutation for 112 gold pieces
  8751 | D:10     | Bought a potion of might for 56 gold pieces
  9104 | D:10     | Found a hide-covered altar of Uskayaw.
  9271 | D:11     | Noticed a two-headed ogre
  9277 | D:11     | Killed a two-headed ogre
  9362 | D:11     | Reached skill level 10 in Armour
  9423 | D:11     | Noticed an oklob plant
  9520 | D:11     | Paralysed by a hornet for 1 turns
  9752 | D:11     | Reached **** piety under Hepliaklqana
  9841 | D:11     | Reached skill level 10 in Fighting
  9844 | D:11     | Reached skill level 13 in Axes
  9844 | D:11     | Reached XP level 12. HP: 92/95 MP: 15/15
  9844 | D:11     | Reached skill level 10 in Shields
  9844 | D:11     | Reached XP level 13. HP: 98/102 MP: 15/17
 10161 | D:12     | Reached skill level 14 in Axes
 10437 | D:12     | Identified the +0 chain mail of Lesser Demons {rF+}
 11024 | D:13     | Found a gate leading to a gauntlet.
 11083 | Gauntlet | Entered a Gauntlet
 11083 | Gauntlet | Found a large runed translucent door.
 11083 | Gauntlet | Found a large runed translucent door.
 11083 | Gauntlet | Found a large runed translucent door.
 11083 | Gauntlet | Found a large runed translucent door.
 11083 | Gauntlet | Found a runed translucent door.
 11083 | Gauntlet | Found a large runed translucent door.
 11083 | Gauntlet | Found a large runed translucent door.
 11083 | Gauntlet | Found a transporter.
 11083 | Gauntlet | Found a transporter.
 11083 | Gauntlet | Found a large runed translucent door.
 11083 | Gauntlet | Found a large runed translucent door.
 11083 | Gauntlet | Found a runed translucent gate.
 11083 | Gauntlet | Found a runed translucent gate.
 11083 | Gauntlet | Found a transporter.
 11083 | Gauntlet | Found a transporter.
 11087 | Gauntlet | Found a transporter.
 11087 | Gauntlet | Found a transporter.
 11097 | Gauntlet | Found a transporter.
 11101 | Gauntlet | Found a transporter.
 11111 | Gauntlet | Found a transporter.
 11184 | Gauntlet | Found a runed translucent door.
 11185 | Gauntlet | Found a large runed translucent door.
 11185 | Gauntlet | Found a large runed translucent door.
 11185 | Gauntlet | Found a large runed translucent door.
 11185 | Gauntlet | Found a large runed translucent door.
 11186 | Gauntlet | Found a large runed translucent door.
 11186 | Gauntlet | Found a large runed translucent door.
 11187 | Gauntlet | Found a large runed translucent door.
 11187 | Gauntlet | Found a large runed translucent door.
 11196 | Gauntlet | Found a runed translucent gate.
 11216 | Gauntlet | Found a transporter.
 11217 | Gauntlet | Found a transporter.
 11226 | Gauntlet | Found a transporter.
 11348 | Gauntlet | Identified the ring of Biog {Will+ Str+3}
 11355 | Gauntlet | Identified the +6 sling of the Seven Ziggurats {freeze,
                  | rPois MP-9 SInv}
 11441 | Gauntlet | Identified the +7 battleaxe of Lionkarph {venom, Int+3
                  | Dex+2}
 11441 | Gauntlet | Noticed a minotaur
 11448 | Gauntlet | Killed a minotaur
 11456 | Gauntlet | Got a foxed book
 11458 | Gauntlet | Identified the +2 robe "Murosum" {rElec rC+ rCorr Str-2
                  | Slay+2}
 11580 | D:13     | Reached skill level 15 in Axes
 12346 | D:14     | Reached skill level 10 in Dodging
 12367 | D:14     | Reached ***** piety under Hepliaklqana
 12569 | D:14     | Reached XP level 14. HP: 112/112 MP: 19/19
 12628 | D:14     | Found a gate to the Vaults.
 12956 | D:14     | Noticed Frances
 12968 | D:14     | Killed Frances
 12969 | D:14     | Reached skill level 16 in Axes
 12979 | D:14     | Noticed Josephine
 12985 | D:14     | Killed Josephine
 13270 | D:15     | Entered Level 15 of the Dungeon
 13593 | D:15     | Paralysed by a floating eye for 4 turns
 13787 | D:15     | Found a shadowy altar of Dithmenos.
 13838 | D:15     | Noticed a red very ugly thing
 13846 | D:15     | Killed a red very ugly thing
 14159 | D:15     | Found a snail-covered altar of Cheibriados.
 14212 | D:15     | Paralysed by a floating eye for 3 turns
 14241 | D:15     | Identified the +9 war axe of Fate {speed, rC++ rCorr Int+4}
 14346 | D:15     | Paralysed by something for 3 turns
 14514 | D:15     | Reached skill level 17 in Axes
 14514 | D:15     | Found a blossoming altar of Fedhas.
 14773 | D:15     | Identified the ring "Mutiad" {Fly Will+}
 14814 | D:15     | Reached XP level 15. HP: 117/121 MP: 21/21
 14953 | D:15     | Found a transporter.
 14969 | D:15     | Identified the ring of Penluem {rPois rCorr}
 14991 | D:15     | Identified the +6 sling of Evil {flame, rN+}
 15051 | D:15     | Found a transporter.
 15092 | D:15     | Identified the ring "Ismep" {rF+ rN+ Int+2 Dex+3}
 15100 | D:15     | Identified the +1 ring mail of Duexilea {rF+ Int+2}
 15192 | D:15     | Found a staircase to the Depths.
 15192 | D:15     | Noticed a frost giant
 15201 | D:15     | Killed a frost giant
 15550 | Lair:1   | Entered Level 1 of the Lair of Beasts
 16089 | Lair:2   | Found a transporter.
 16091 | Lair:2   | Found a transporter.
 16141 | Lair:2   | Reached skill level 10 in Invocations
 16513 | Lair:2   | Found a hole to the Spider Nest.
 16799 | Lair:3   | Found a staircase to the Swamp.
 16823 | Lair:3   | Reached skill level 18 in Axes
 17301 | Lair:3   | Reached ****** piety under Hepliaklqana
 18065 | Lair:5   | Entered Level 5 of the Lair of Beasts
 18082 | Lair:5   | Reached XP level 16. HP: 120/131 MP: 22/22
 18105 | Lair:5   | HP: 6/131 [black mamba (1)]
 18105 | Lair:5   | HP: 1/131 [death yak (3)]
 18106 | Lair:5   | Slain by a black mamba

Illustrated notes

Levels and vault maps discovered:
D:1:      onia_arrival_zoo_common, layout_rooms, minivault_26,
          minmay_gold_behind_fungi, nrook_uturn
D:2:      layout_loops_corners, grunt_ministairs_2, uniq_terence
D:3:      layout_rooms, marbit_many_paths, gammafunk_ghost_abyssal_escape
D:4:      layout_rooms, gammafunk_temple_overflow_claw,
          nicolae_overflow_crystal_walls
D:5:      layout_basic, nicolae_figureground_pulse
D:6:      layout_rooms, jmf_multi_god_temple, minmay_temple_entry_arrows,
          serial_shops, nicolae_inconvenience_store
D:7:      layout_basic, nicolae_houndstooth_variations
D:8:      layout_loops_ring, grunt_temple_overflow_champion_of_chaos,
          serial_rivers, chequers_serial_rivers_micro_d,
          chequers_serial_rivers_micro_a, chequers_serial_rivers_room_b,
          chequers_serial_rivers_micro_e, lightli_ossuary_entry_decrepit_ruins
D:9:      cheibrodos_frozen_isle, layout_cave_pools,
          mainiacjoe_overflow_tiny_flanked, grunt_lair_entry_orc_guard_hut,
          zombieorc2_lemuel, nicolae_where_there's_smoke, uniq_grum, uniq_joseph
D:10:     layout_roguey, nicolae_uskayaw_murder_on_the_dancefloor,
          nicolae_qazlal_scattered_showers, serial_shops, shop,
          grunt_ministairs_5, uniq_maggie
D:11:     layout_cave_pools, introduction_to_nature_1
D:12:     layout_loops_cross, chequers_jeans, hangedman_abyss_or_decor_passed
D:13:     layout_roguey, serial_aquarium, aquarium_bridge_square
          [aquarium_subvault_window, aquarium_subvault_bridge,
          aquarium_subvault_bridge, aquarium_subvault_bridge],
          aquarium_window_1, aquarium_window_corridor_3, aquarium_window_1,
          aquarium_window_fake, aquarium_view_2c, aquarium_pool_2,
          gauntlet_entry_generic
D:14:     layout_irregular_city, ximxim_vaults_locker_room,
          minmay_staircase_windowed_small, grunt_ministairs_2, uniq_josephine,
          uniq_frances
D:15:     hangedman_spin_cycle
Lair:1:   layout_hall_layers
Lair:2:   gammafunk_boulding_lane, layout_regular_city,
          nicolae_spider_entry_non_spiders, roderic_carrion_pond,
          infiniplex_staircase_pool
Lair:3:   layout_regular_city, swamp_mist_pool
Lair:4:   layout_hall_layers, st_stairs_4, lemuel_fruit_fields,
          grunt_megastairs_3
Lair:5:   minmay_lair_end_enchanted_forest, layout_gridlike, slime_entry_1,
          basic_altar, gammafunk_ghost_necromancy, nicolae_lair_grazing_beasts
          [nicolae_sub_lair_graze_edge, nicolae_sub_lair_graze_edge,
          nicolae_sub_lair_graze_edge, nicolae_sub_lair_graze_edge],
          lemuel_fruit_tree

Skill      XL: |  1  2  3  4  5  6  7  8  9 10 11 12 13 14 15 |
---------------+----------------------------------------------+-----
Axes           | 3 4 5 6 8 9 11 13 15 17 18 | 18.5
Dodging        | 1 2 3 4 5 6 8 10 11 12 | 12.1
Shields        | 4 5 6 7 8 9 10 11 12 13 | 13.7
Armour         | 4 5 6 7 9 10 12 13 14 | 14.2
Fighting       | 4 5 6 7 8 10 11 13 14 | 14.0
Invocations    | 2 3 5 6 8 9 10 | 10.5

Action                     |  1- 3 |  4- 6 |  7- 9 | 10-12 | 13-15 | 16-18 || total
---------------------------+-------+-------+-------+-------+-------+-------++-------
  Melee: War axe           |    69 |    86 |    37 |       |   418 |    14 ||   624
         Headbutt          |     8 |    15 |    37 |    43 |   184 |     3 ||   290
         Dagger            |       |     7 |    46 |       |       |       ||    53
         Broad axe         |       |       |   130 |   246 |   311 |       ||   687
 Invoke: Ancestor Life: Ba |       |       |     1 |       |       |       ||     1
  Evoke: Wand              |       |       |       |     1 |     1 |       ||     2
    Use: Scroll            |       |     8 |    10 |     6 |    10 |       ||    34
         Potion            |       |       |       |     4 |       |       ||     4
   Stab: Distracted        |       |       |     2 |     2 |    12 |       ||    16
         Petrified         |       |       |       |       |     5 |       ||     5
 Armour: Scale mail        |    51 |    54 |   109 |   118 |    35 |       ||   367
         Gold dragon scale |       |       |       |       |   287 |    64 ||   351
  Dodge: Dodged            |    36 |    28 |    83 |   101 |   219 |     9 ||   476
  Block: Buckler           |    26 |    40 |   124 |    14 |       |       ||   204
         Reflection        |     1 |     1 |     4 |    13 |    37 |       ||    56
         Kite shield       |       |       |       |   179 |   484 |    14 ||   677

Table legend: (Time is in decaauts)
 A = Elapsed time spent in this place.
 B = Non-inter-level travel time spent in this place.
 C = Inter-level travel time spent in this place.
 D = Time resting spent in this place.
 E = Time spent auto-exploring this place.
 F = Levels seen in this place.
 G = Mean time per level.
                   A        B        C        D        E       F      G
               +--------+--------+--------+--------+--------+-----+--------+
         Total |  17997 |  17005 |    992 |   3632 |   9674 |  22 |  818.0 |
       Dungeon |  15076 |  14216 |    860 |   3558 |   7662 |  15 | 1005.1 |
          Lair |   2404 |   2272 |    132 |      0 |   1801 |   5 |  480.8 |
       Ossuary |    137 |    137 |      0 |      0 |     72 |   1 |  137.0 |
      Gauntlet |    378 |    378 |      0 |     74 |    139 |   1 |  378.0 |
               +--------+--------+--------+--------+--------+-----+--------+

Top non-repeatable levels by time:
    D:15: 2092 daAuts
     D:9: 1602 daAuts
     D:5: 1039 daAuts
    D:13: 1024 daAuts
    D:14: 976 daAuts
    D:10: 969 daAuts
     D:8: 944 daAuts
     D:2: 929 daAuts
     D:7: 908 daAuts
    D:12: 890 daAuts
    D:11: 841 daAuts
     D:3: 795 daAuts
     D:6: 751 daAuts
  Lair:3: 676 daAuts
  Lair:2: 675 daAuts
